 Dungeon Crawl Stone Soup version 0.31-a0-702-gf82c85558f (webtiles) character file.

Game seed: 7495365287374022016

188 qw the Shooter (level 5, 0/33 HPs)
             Began as a Gargoyle Hunter on Sept 8, 2023.
             Slain by a gnoll
             ... wielding a +0 spear
             ... led by a gnoll sergeant
              (2 damage)
             ... on level 3 of the Dungeon.
             The game lasted 00:00:49 (1871 turns).

qw the Shooter (Gargoyle Hunter)                    Turns: 1871, Time: 00:00:50

Health: 0/33       AC: 10    Str: 14    XL:     5   Next: 67%
Magic:  5/5        EV: 11    Int: 10    God:
Gold:   150        SH:  0    Dex: 15    Spells: 4/4 levels left

rFire   + . .        Y - +4 shortbow (freeze)
rCold   + . .        (shield currently unavailable)
rNeg    + . .        l - +3 leather armour
rPois   inf          (no helmet)
rElec   +            j - scarf {rC+ rF+}
rCorr   .            (no gloves)
SInv    .            (no boots)
Will    .....        (no amulet)
Stlth   ++           (no ring)
HPRegen 0.25/turn    (no ring)
MPRegen 0.09/turn

%: no passive effects
@: no status effects
A: sickness immunity, AC +4, negative energy resistance 1, electricity
resistance, torment resistance 1, petrification resistance
a: no special abilities


You were on level 3 of the Dungeon.
You visited 1 branch of the dungeon, and saw 3 of its levels.

You collected 150 gold pieces.


Innate Abilities, Weirdness & Mutations

You are immune to sickness and miasma.
Your stone body is resilient. (AC +4)
You are immune to poison.
You resist negative energy. (rN+)
You are resistant to electric shocks. (rElec)
You are resistant to unholy torment.
You are immune to petrification.


   Skills:
 + Level 3.7 Fighting
 - Level 6.1 Ranged Weapons
 - Level 1.5 Dodging
 - Level 1.1 Stealth


You had 4 spell levels left.
You didn't know any spells.
Your spell library was empty.

Inventory:

Hand Weapons
 Y - a +4 shortbow of freezing (weapon)
Armour
 j - a scarf of resistance (worn)
 l - a +3 leather armour (worn)
Scrolls
 a - 3 scrolls of identify
 h - 2 scrolls of enchant armour
Potions
 b - a potion of berserk rage {unknown}
 d - a potion of mutation {unknown}
 f - a potion of curing
 g - a potion of might
 k - a potion of lignification {unknown}

Dungeon Overview and Level Annotations

Branches:
Dungeon (3/15)

Altars:


Message History

A gnoll sergeant comes into view. It is wielding a +0 spear.
You shoot an arrow. The arrow hits the gnoll!
The arrow freezes the gnoll.
You kill the gnoll!
You shoot an arrow. The arrow hits the jackal!
The arrow freezes the jackal.
You kill the jackal!
A jackal comes into view.
You shoot an arrow. The jackal barks!
The arrow hits the gnoll sergeant.
The arrow freezes the gnoll sergeant.
The gnoll sergeant is moderately wounded.
You shoot an arrow. The arrow hits the gnoll sergeant!
The arrow freezes the gnoll sergeant.
The gnoll sergeant is severely wounded.
You shoot an arrow.
The arrow closely misses the gnoll sergeant.
The gnoll sergeant hits you from afar with a +0 spear!
A gnoll comes into view. It is wielding a +0 spear.
You shoot an arrow. The arrow hits the gnoll sergeant.
The arrow freezes the gnoll sergeant.
The gnoll sergeant is almost dead.
The gnoll sergeant hits you from afar with a +0 spear.
You shoot an arrow. The arrow barely misses the jackal.
The jackal barely misses you. The gnoll sergeant closely misses you.
The jackal closely misses you.
You shoot an arrow. The arrow hits the jackal!
The arrow freezes the jackal.
You kill the jackal!
The gnoll sergeant hits you from afar with a +0 spear. x2
You shoot an arrow.
The arrow barely misses the gnoll sergeant.
The gnoll sergeant hits you from afar with a +0 spear!
You shoot an arrow.
The arrow hits the gnoll sergeant but does no damage.
The gnoll sergeant is almost dead.
The gnoll sergeant hits you from afar with a +0 spear.
The gnoll hits you but does no damage.
You shoot an arrow. The arrow hits the gnoll sergeant!
The arrow freezes the gnoll sergeant.
You kill the gnoll sergeant!
The gnoll hits you from afar with a +0 spear.
You die...

........##
..........#
~~~~......#
~~~~......###
~~~~...%..'.##
~~~~......'..#
~~~~......##.#
~~~~......##.#
...).g%@..##.##
.....)...##...#
.).%...$##.##.#
.......##..##.#
......# ##.##.#
.....#####.##.#
######.....##.#
###.# #.###.##.#
#...####.###.##.#


You could see a gnoll.

Vanquished Creatures
  A gnoll sergeant (D:3)
  An orc wizard (D:3)
  7 gnolls
  3 adders
  A worm (D:3)
  A dart slug (D:1)
  2 orcs (D:3)
  6 ball pythons
  6 endoplasms
  2 giant cockroaches (D:2)
  6 goblins
  6 hobgoblins
  2 jackals (D:3)
  3 quokkas
  6 bats
  2 frilled lizards (D:1)
  5 kobolds
  4 rats
64 creatures vanquished.

Notes
Turn   | Place    | Note
-------+----------+-------------------------------------------
     0 | D:1      | qw the Gargoyle Hunter began the quest for the Orb.
     0 | D:1      | Reached XP level 1. HP: 12/12 MP: 1/1
     0 | D:1      | 0 ||| qw: Version: 0.3-a-76-g4403597
     0 | D:1      | 0 ||| qw: Game counter: 1217
     0 | D:1      | 0 ||| qw: Melee chars always use a shield: true
     0 | D:1      | 0 ||| qw: God list: Okawaru
     0 | D:1      | 0 ||| qw: Allow faded altars: false
     0 | D:1      | 0 ||| qw: Do Orc after clearing Dungeon:15 true
     0 | D:1      | 0 ||| qw: Do second Lair branch before Depths: true
     0 | D:1      | 0 ||| qw: Lair rune preference: random
     0 | D:1      | 0 ||| qw: Goals: Normal
     0 | D:1      | 0 ||| PLANNING D:1-11
    86 | D:1      | Reached XP level 2. HP: 17/17 MP: 2/2
   437 | D:1      | Reached XP level 3. HP: 21/21 MP: 3/3
   521 | D:1      | 521 ||| READING 4 scrolls labelled XURALI FUPIXZO.
   522 | D:1      | 522 ||| READING scroll labelled ITZAOMU DUOMN.
   523 | D:1      | 523 ||| READING scroll labelled LUNAIN CIADIE.
   524 | D:1      | 524 ||| READING scroll labelled ZAUT OLIEBERR.
   524 | D:1      | Identified a scroll of acquirement
   524 | D:1      | 524 ||| ACQUIRING +2 shortbow of freezing
   524 | D:1      | Acquired a +2 shortbow of freezing
   526 | D:1      | 526 ||| SWAPPING to +2 shortbow of freezing.
   527 | D:1      | 527 ||| DROPPING +0 shortbow.
   528 | D:1      | 528 ||| READING scroll labelled ZATHENN QAOSICAO.
   529 | D:1      | 529 ||| DRINKING 2 silvery potions.
   530 | D:1      | 530 ||| READING 3 scrolls of identify.
   530 | D:1      | 530 ||| IDENTIFYING fuming ruby potion
   531 | D:1      | 531 ||| READING 2 scrolls of identify.
   531 | D:1      | 531 ||| IDENTIFYING yellow potion
   532 | D:1      | 532 ||| DROPPING scroll of butterflies.
   533 | D:1      | 533 ||| DROPPING potion of brilliance.
   554 | D:2      | Reached skill level 5 in Ranged Weapons
   792 | D:2      | 792 ||| RETREATING.
   797 | D:2      | 797 ||| RETREATING.
   800 | D:2      | 800 ||| Stepping ~*~*~tactically~*~*~ (retreating).
   802 | D:2      | 802 ||| Stepping ~*~*~tactically~*~*~ (retreating).
   803 | D:2      | 803 ||| Stepping ~*~*~tactically~*~*~ (retreating).
   808 | D:2      | Reached skill level 3 in Fighting
   808 | D:2      | Reached XP level 4. HP: 26/28 MP: 4/4
   809 | D:2      | 809 ||| Stepping ~*~*~tactically~*~*~ (outnumbered).
  1305 | D:2      | Found a faded altar of an unknown god.
  1416 | D:2      | 1416 ||| UPGRADING to +0 ring mail.
  1426 | D:2      | 1426 ||| DROPPING +0 leather armour.
  1427 | D:2      | 1427 ||| UPGRADING to scarf of resistance.
  1432 | D:2      | 1432 ||| UPGRADING to +3 leather armour.
  1442 | D:2      | 1442 ||| DROPPING +0 ring mail.
  1443 | D:2      | 1443 ||| DROPPING ring of flight.
  1444 | D:2      | 1444 ||| READING 2 scrolls labelled CAICYPNE KOHE.
  1445 | D:2      | 1445 ||| READING scroll of enchant weapon.
  1445 | D:2      | 1445 ||| ENCHANTING +3 shortbow of freezing.
  1446 | D:2      | 1446 ||| READING 3 scrolls labelled QYMASHR FASUOL.
  1517 | D:3      | Reached XP level 5. HP: 31/32 MP: 5/5
  1797 | D:3      | Reached skill level 6 in Ranged Weapons
  1869 | D:3      | HP: 5/33 [gnoll sergeant/+0 spear (8)]
  1870 | D:3      | HP: 2/33 [gnoll sergeant/+0 spear (4)]
  1871 | D:3      | Slain by a gnoll

Levels and vault maps discovered:
D:1:      lemuel_arrival_hallway, layout_basic, minmay_fountain_box
D:2:      layout_basic, hellmonk_ecumenical_altar_arch_garden
D:3:      layout_loops_ring, kennysheep_big_empty_room,
          kennysheep_cluttered_room, uniq_terence

Skill      XL: |  1  2  3  4  5 |
---------------+----------------+-----
Ranged Weapons | 5 6 |  6.1
Fighting       | 3 |  3.7
Dodging        | |  1.5
Stealth        | |  1.1

Action                     |  1- 3 |  4- 6 || total
---------------------------+-------+-------++-------
   Fire: Shortbow          |    69 |    74 ||   143
    Use: Scroll            |     7 |     3 ||    10
         Potion            |     1 |       ||     1
 Armour: Leather armour    |    10 |    14 ||    24
  Dodge: Dodged            |    16 |     9 ||    25

Table legend:
 A = Non-vault XP
 B = Vault XP
 C = Vault XP percentage of total XP
 D = Non-vault monster count
 E = Vault monster count
 F = Vault count percentage of total count
                 A         B        C        D         E       F
            +---------+---------+-------+---------+---------+-------
      Total |     353 |       0 |   0.0 |      64 |       0 |   0.0
            +---------+---------+-------+---------+---------+-------
        D:1 |      34 |       0 |   0.0 |      20 |       0 |   0.0
        D:2 |     105 |       0 |   0.0 |      18 |       0 |   0.0
        D:3 |     214 |       0 |   0.0 |      26 |       0 |   0.0
            +---------+---------+-------+---------+---------+-------
